Map: Catalyst LE

Players

AgentSmith - Winner!

  • Race: Zerg Zerg
  • League: Master
  • Spawn Location: 11:00

Rain

  • Race: Terran Terran
  • League: Master
  • Spawn Location: 5:00

VOD

Have the link to the VOD?

Description

Time

  • Played on: Feb. 25, 2018, 10:12 p.m.
  • Length: 14:01
Show
View Real Time Build Order
Export as new Build Order

AgentSmith Zerg - Winner!

Build Orders: Hatch First 

Get SALT Encoding   

  12  0:02  Drone  
  13  0:13  Overlord  
  13  0:17  Drone  
  14  0:33  Drone x2  
  16  0:35  Drone  
  17  0:56  Hatchery  
  16  0:58  Drone  
  16  1:01  Drone  
  18  1:13  Extractor  
  18  1:16  Spawning Pool  
  18  1:17  Drone  
  17  1:21  Drone  
  18  1:30  Drone  
  19  1:40  Overlord  
  19  1:53  Drone  
  20  2:04  Queen  
  20  2:06  Zergling x2  
  20  2:07  Queen  
  20  2:08  Zergling x2  
  26  2:13  Drone  
  27  2:20  Drone  
  28  2:31  Hatchery  
  27  2:38  Drone x3  
  27  2:41  Drone  
  31  2:47  Metabolic Boost  
  31  3:00  Drone, Overlord  
  31  3:02  Pneumatized Carapace  
  32  3:11  Drone x3  
  35  3:20  Drone x6  
  41  3:28  Drone  
  41  3:32  Zergling x4  
  44  3:41  Baneling Nest  
  44  3:43  Zergling x4  
  45  3:51  Queen  
  45  3:52  Queen  
  48  3:57  Overlord  
  48  4:02  Zergling x2  
  48  4:05  Overlord  
  48  4:07  Queen  
  48  4:13  Zergling x6  
  47  4:17  Zergling x8  
  47  4:23  Drone  
  47  4:24  Drone  
  53  4:28  Drone  
  53  4:29  Queen, Evolution Chamber  
  53  4:30  Evolution Chamber  
  53  4:31  Queen  
  56  4:38  Drone x5  
  58  4:53  Drone x4  
  58  4:54  Drone  
  59  5:03  Drone x5  
  59  5:05  Zerg Ground Armor Level 1  
  59  5:07  Queen  
  63  5:08  Drone  
  66  5:21  Zergling x2  
  66  5:24  Overlord x2  
  66  5:34  Extractor  
  66  5:35  Zerg Melee Weapons Level 1  
  65  5:39  Baneling Nest, Overlord  
  65  5:40  Overlord  
  65  5:41  Queen  
  65  5:42  Queen, Hatchery  
  67  5:50  Drone x2  
  67  5:51  Drone  
  67  5:56  Zergling x8  
  74  6:04  Zergling x22  
  85  6:15  Drone x4  
  89  6:19  Lair  
  89  6:28  Drone  
  89  6:32  Extractor  
  89  6:35  Overlord x2  
  89  6:38  Drone, Extractor  
  89  6:39  Drone, Hatchery  
  89  6:40  Extractor  
  89  6:46  Overlord x2  
  88  6:56  Baneling x2  
  88  7:00  Zergling x26  
  101  7:03  Baneling x2  
  101  7:04  Baneling x5  
  101  7:07  Zergling x4  
  103  7:08  Baneling x3  
  103  7:09  Zergling x2  
  102  7:19  Zergling x18  
  102  7:22  Zergling x6  
  97  7:29  Queen  
  94  7:31  Drone x4, Extractor  
  94  7:32  Queen  
  94  7:33  Queen x2  
  103  7:42  Zerg Ground Armor Level 2  
  103  7:44  Drone x4  
  103  7:47  Drone  
  108  7:52  Drone x4  
  112  8:00  Zergling x2  
  112  8:01  Zergling x8  
  112  8:05  Queen  
  114  8:11  Overseer  
  109  8:13  Zerg Melee Weapons Level 2  
  109  8:17  Hydralisk Den  
  108  8:22  Zergling x2  
  108  8:23  Zergling x18  
  118  8:28  Drone  
  118  8:29  Drone x4  
  123  8:57  Overlord x2  
  123  9:03  Zergling x4  
  123  9:05  Baneling x9  
  123  9:06  Baneling x15  
  117  9:30  Zergling x30  
  123  9:38  Centrifical Hooks  
  123  9:40  Grooved Spines  
  123  9:42  Drone x9  
  123  9:43  Drone x10  
  142  9:52  Baneling  
  142  9:57  Infestation Pit  
  141  10:05  Overlord x6  
  141  10:06  Overlord x2  
  141  10:17  Overlord  
  141  10:18  Overlord  
  141  10:20  Zerg Missile Weapons Level 1  
  141  10:23  Queen  
  143  10:32  Hatchery  
  142  10:38  Hydralisk x14  
  142  10:41  Zergling x8  
  174  10:48  Zergling x14  
  170  10:51  Muscular Augments  
  170  10:56  Baneling x16  
  167  10:58  Zergling x4  
  151  11:15  Zergling x10  
  151  11:16  Zergling x28  
  139  11:22  Zergling x14  
  134  11:26  Hive  
  134  11:31  Hydralisk  
  134  11:32  Hydralisk x2  
  126  11:39  Hydralisk x2  
  122  11:40  Hydralisk x2  
  127  11:47  Hydralisk x4  
  126  11:58  Baneling  
  126  11:59  Baneling x4  
  126  12:05  Hydralisk x4  
  126  12:06  Hydralisk x2  
  138  12:09  Zergling x14  
  138  12:15  Zergling x12  
  151  12:18  Baneling x6  
  151  12:19  Zergling x2  
  151  12:22  Zergling x6  
  155  12:25  Zergling x2  
  155  12:26  Zergling x4  
  139  12:31  Zergling x12  
  139  12:33  Hydralisk  
  138  12:37  Hydralisk x2  
  138  12:42  Zergling x10  
  139  12:52  Ultralisk Cavern, Zergling x16  
  139  12:53  Zergling x2  
  147  12:58  Drone x6  
  147  13:01  Baneling x6  
  147  13:02  Baneling  
  147  13:03  Baneling  
  153  13:08  Zergling x10  
  153  13:11  Zergling x6  
  151  13:16  Zergling x12  
  154  13:39  Extractor  
  150  14:00  Extractor  
Show
View Real Time Build Order
Export as new Build Order

Rain Terran 

Build Orders: Hellion Opening, Reaper Expand, MMM Bio 

Get SALT Encoding   

  12  0:00  SCV  
  13  0:12  SCV  
  14  0:17  Supply Depot  
  14  0:24  SCV  
  15  0:38  SCV  
  15  0:40  Barracks  
  16  0:44  Refinery  
  16  0:50  SCV  
  17  1:03  SCV  
  18  1:15  SCV  
  19  1:26  Reaper  
  19  1:28  Orbital Command  
  20  1:41  Command Center  
  20  1:53  SCV  
  21  1:58  Marine  
  22  2:01  Supply Depot  
  22  2:05  SCV  
  23  2:08  Factory  
  23  2:21  Barracks Reactor  
  23  2:23  SCV  
  24  2:35  SCV  
  25  2:45  Command Center  
  25  2:47  SCV  
  26  2:55  Orbital Command  
  26  3:01  Hellion x2  
  26  3:03  SCV  
  31  3:09  Barracks Tech Lab  
  31  3:14  Barracks  
  31  3:17  SCV  
  32  3:25  Hellion  
  32  3:26  Hellion  
  36  3:28  SCV  
  36  3:30  SCV  
  36  3:33  Refinery  
  38  3:34  Marine  
  38  3:40  Stimpack  
  39  3:41  SCV  
  39  3:42  SCV  
  41  3:51  Hellion x2  
  45  4:05  SCV x2  
  45  4:08  Barracks  
  45  4:12  Hellion x2  
  49  4:19  SCV x2  
  49  4:22  Marine, Barracks Reactor  
  52  4:26  Orbital Command  
  52  4:31  Supply Depot  
  52  4:33  SCV x2  
  52  4:34  Hellion x2  
  56  4:45  SCV  
  56  4:46  SCV  
  56  4:59  Hellion x2  
  54  5:00  SCV  
  54  5:01  SCV  
  54  5:03  Supply Depot  
  54  5:04  SCV  
  54  5:05  Marine x3, Barracks Reactor  
  59  5:08  Engineering Bay  
  59  5:10  Engineering Bay  
  59  5:11  Refinery  
  59  5:12  SCV  
  59  5:13  SCV  
  61  5:20  Hellion x2  
  65  5:26  Marine x3  
  68  5:29  SCV  
  68  5:30  SCV x2  
  68  5:35  Refinery  
  71  5:40  Terran Infantry Weapons Level 1  
  71  5:41  Terran Infantry Armor Level 1  
  71  5:42  SCV x3, Armory  
  74  5:43  Hellion  
  74  5:49  Supply Depot x2  
  76  5:50  Hellion  
  76  5:54  SCV x2, Marine x4  
  76  5:55  Marine  
  85  6:01  Combat Shields  
  86  6:11  SCV  
  86  6:12  Marine  
  86  6:15  Orbital Command  
  86  6:16  Marine x4  
  91  6:21  Hellion, Supply Depot x2  
  91  6:22  Hellion  
  95  6:25  Starport  
  95  6:36  SCV x2, Marine x3  
  95  6:38  Marine  
  101  6:41  Barracks  
  101  6:42  Terran Vehicle Weapons Level 1  
  101  6:43  Barracks  
  101  6:45  SCV  
  101  6:46  Marine  
  103  6:48  SCV x2  
  103  6:51  Hellion x2  
  109  6:55  Marine x2  
  109  6:56  Marine  
  112  7:01  Starport Reactor  
  86  7:25  Marine x5  
  86  7:29  Hellion x2  
  76  7:30  SCV x3  
  76  7:33  Barracks Reactor x2  
  76  7:34  Barracks  
  76  7:35  Barracks  
  79  7:37  Barracks  
  79  7:40  Command Center  
  79  7:43  Marine x5  
  84  7:45  Medivac  
  84  7:46  Medivac  
  88  7:52  Refinery x2  
  88  7:55  Supply Depot  
  86  8:00  Marine, Hellbat  
  86  8:01  Marine x3, Hellbat  
  86  8:05  SCV  
  82  8:08  SCV x2  
  83  8:15  Medivac  
  83  8:16  Medivac  
  83  8:17  SCV  
  83  8:19  Terran Infantry Weapons Level 2  
  88  8:20  SCV, Terran Infantry Armor Level 2  
  88  8:23  Barracks Reactor  
  88  8:24  Barracks Tech Lab  
  89  8:27  SCV  
  89  8:29  SCV  
  89  8:30  Barracks Tech Lab  
  89  8:33  SCV  
  92  8:35  Marine  
  92  8:36  Marauder  
  92  8:39  SCV  
  96  8:46  Marine  
  96  8:47  Marauder, Marine x6  
  105  8:51  Medivac  
  105  8:53  Medivac  
  105  8:54  Marine  
  105  8:55  Marine  
  111  9:01  Hellbat x2  
  115  9:08  Marine  
  115  9:09  Marine  
  117  9:28  Marine  
  117  9:29  Marine x2  
  117  9:30  Marauder x3, Marine, Supply Depot x2  
  122  9:32  Supply Depot  
  122  9:38  Marine  
  111  9:39  Medivac x2, Hellbat x2  
  118  9:48  Marine  
  118  9:49  Marine x8  
  118  9:52  Marauder x3  
  133  10:00  Hellbat x2  
  133  10:05  Marine  
  138  10:07  Marine  
  138  10:09  Medivac x2, Marine x6  
  138  10:10  Marine  
  138  10:12  Marine  
  151  10:17  Marauder  
  151  10:18  Marauder  
  151  10:20  Marauder  
  157  10:30  Supply Depot  
  157  10:31  Supply Depot  
  157  10:36  Supply Depot  
  157  10:37  Supply Depot  
  157  10:52  Marine x6, Hellbat x2  
  157  10:53  Marauder, Medivac x2  
  157  10:54  Marauder  
  167  11:00  Marauder, Marine  
  170  11:11  Marine  
  134  11:12  Marine x2  
  134  11:14  Marauder  
  134  11:16  Marauder  
  112  11:18  Marine  
  112  11:19  Marine x4  
  112  11:21  Marauder, Marine  
  112  11:23  Marine  
  115  11:29  Marine  
  115  11:30  Marine x2  
  111  11:36  Marauder, Marine  
  111  11:37  Marauder  
  120  11:40  Hellbat x2  
  116  11:54  Marine x11  
  106  11:57  Marine  
  106  11:58  Marine  
  117  12:07  Hellbat  
  117  12:08  Hellbat  
  121  12:11  Marine  
  121  12:12  Marine x7  
  129  12:20  Marine x5  
  134  12:29  Marine  
  117  12:30  Marine x7  
  106  12:38  Marine x2  
  106  12:44  Marine x3  
  89  12:47  Marine x2  
  89  12:48  Marine x4  
  89  12:49  Marine x2  
  100  12:56  Marine  
  100  12:57  Orbital Command  
  101  13:02  Marine x4  
  101  13:05  Marine x3  
  94  13:20  Marine x2  
  94  13:21  Marine x2  
  94  13:22  Marine x4  
  94  13:24  Marine  
  94  13:25  Marine  
  97  13:41  Marine x3  
Tags
 
Add a new tag
Caveats
  • Supply blocks, unpowered buildings, or Contaminate may cause inaccurate times.
  • Supply counts are checked every 10 seconds.